 Dungeon Crawl Stone Soup version 0.31-a0-182-gc5ef74bbde (webtiles) character file.

Game seed: 12653730241745234790

6 runemasterragnar the Shield-Bearer (level 1, -1/16 HPs)
             Began as an Octopode Fighter on June 22, 2023.
             Slain by a ball python (3 damage)
             ... on level 1 of the Dungeon.
             The game lasted 00:00:10 (38 turns).

runemasterragnar the Shield-Bearer (Octopode Fighter) Turns: 38, Time: 00:00:11

Health: -1/16      AC:  1    Str: 15    XL:     1   Next: 90%
Magic:  1/1        EV: 10    Int: 10    God:
Gold:   9          SH:  4    Dex: 11    Spells: 0/0 levels left

rFire   . . .        a - +0 long sword
rCold   . . .        b - +0 buckler
rNeg    . . .        (helmet restricted)
rPois   .            (no amulet)
rElec   .            (no ring)
rCorr   .            (no ring)
SInv    .            (no ring)
Will    .....        (no ring)
Stlth   ++           (no ring)
HPRegen 0.22/turn    (no ring)
MPRegen 0.07/turn    (no ring)
                     (no ring)

%: no passive effects
@: constricted
A: almost no armour, amphibious, 8 rings, camouflage 1, gelatinous body 1,
(nimble swimmer 1), tentacles
a: no special abilities


You were on level 1 of the Dungeon.
You visited 1 branch of the dungeon, and saw 1 of its levels.

You collected 9 gold pieces.

Inventory:

Hand Weapons
 a - a +0 long sword (weapon)
Armour
 b - a +0 buckler (worn)
Potions
 c - a potion of might


   Skills:
 + Level 3.0 Fighting
 * Level 2.2 Long Blades
 + Level 3.0 Dodging
 + Level 0.6 Stealth
 + Level 3.0 Shields


You couldn't memorise any spells.
You didn't know any spells.
Your spell library was empty.

Dungeon Overview and Level Annotations

Branches:
Dungeon (1/15)

Altars:


Innate Abilities, Weirdness & Mutations

You cannot wear most types of armour.
You are amphibious.
You can wear up to eight rings at the same time.
Your skin changes colour to match your surroundings (Stealth+).
Your rubbery body absorbs attacks. (AC +1, EV +1)
((You are camouflaged when in or above water. (Stealth+)))
You have tentacles for arms and can constrict up to eight enemies at once.


Message History

The ball python hisses angrily. x2
The endoplasm quivers.
You slash the endoplasm!
You kill the endoplasm!
The ball python bites you but does no damage.
The ball python misses you. x2; You block the ball python's attack.
You completely miss the hobgoblin. You grab the hobgoblin.
You constrict the hobgoblin, but do no damage.
The hobgoblin closely misses you. The ball python bites you.
The ball python grabs you. The ball python constricts you.
The hobgoblin closely misses you. The ball python misses you.
The ball python constricts you.
There are monsters nearby!
You completely miss the ball python. You grab the ball python.
You squeeze the ball python.
You kill the ball python!
You constrict the hobgoblin. The ball python completely misses you.
The ball python grabs you. The ball python constricts you.
The frilled lizard bites you. The hobgoblin hits you.
You are too injured to fight recklessly!
You are too injured to fight recklessly!
Unknown command.
You closely miss the frilled lizard. Your grab misses the frilled lizard.
You constrict the hobgoblin.
You kill the hobgoblin!
The ball python closely misses you. The ball python constricts you.
You block the frilled lizard's attack. You block the ball python's attack.
The ball python constricts you.
You barely miss the frilled lizard. Your grab misses the frilled lizard.
Your squeeze misses the frilled lizard. The frilled lizard closely misses you.
The ball python bites you. The ball python constricts you.
The frilled lizard closely misses you.
You slash the frilled lizard!
You kill the frilled lizard!
The ball python bites you.
* * * LOW HITPOINT WARNING * * *
The ball python constricts you.
* * * LOW HITPOINT WARNING * * *
The ball python bites you.
You die...

...# .... #..# #######
.l# #.....# ..#
#.....# # #####.#
#.....#
#$.#S#[#.####.....###
#.(#@†..#.......†..##
#.#...##...####......#
##...#.#.### #.......#
....#..##.# #......#.
#.#?#.#..#.# #..##.†#
# #####.##.# #.÷##..#
.....# ##÷.÷.## ....##
##...# . #...#


You could see a ball python.

Vanquished Creatures
  2 endoplasms (D:1)
  A hobgoblin (D:1)
  A ball python (D:1)
  A bat (D:1)
  A frilled lizard (D:1)
  A rat (D:1)
7 creatures vanquished.

Notes
Turn   | Place    | Note
-------+----------+-------------------------------------------
     0 | D:1      | runemasterragnar the Octopode Fighter began the quest for
                  | the Orb.
     0 | D:1      | Reached XP level 1. HP: 16/16 MP: 1/1
    38 | D:1      | Slain by a ball python

Illustrated notes

Levels and vault maps discovered:
D:1:      amcnicky_arrival_wind_blow, layout_loops_cross,
          shapermc_ecumenical_altar_flowoftime, minmay_octomino_e4

Action                     || total
---------------------------++-------
  Melee: Long sword        ||    10
         Constrict         ||     3
         Tentacles         ||     1
 Armour: Skin              ||     1
  Dodge: Dodged            ||    11
  Block: Buckler           ||     3

Table legend: (Time is in decaauts)
 A = Elapsed time spent in this place.
 B = Non-inter-level travel time spent in this place.
 C = Inter-level travel time spent in this place.
 D = Time resting spent in this place.
 E = Time spent auto-exploring this place.
 F = Levels seen in this place.
 G = Mean time per level.
                   A        B        C        D        E       F      G
               +--------+--------+--------+--------+--------+-----+--------+
         Total |     41 |     41 |      0 |      0 |      9 |   1 |   41.0 |
       Dungeon |     41 |     41 |      0 |      0 |      9 |   1 |   41.0 |
               +--------+--------+--------+--------+--------+-----+--------+

Top non-repeatable levels by time:
     D:1: 41 daAuts
